 Dungeon Crawl Stone Soup version 0.28-a0-1613-gdaab1c2f9b (webtiles) character file.

Game seed: 15406647314249153810

2502 southernslant the Poker (level 9, -10/102 HPs)
             Began as a Demonspawn Fighter on Jan 22, 2022.
             Was a Follower of Sif Muna.
             Mangled by an orc knight (15 damage)
             ... in a bailey.
             The game lasted 00:20:29 (6389 turns).

southernslant the Poker (Demonspawn Fighter)        Turns: 6389, Time: 00:20:30

Health: -10/102    AC:  9    Str: 18    XL:     9   Next: 28%
Magic:  29/29      EV: 11    Int: 11    God:    Sif Muna [*.....]
Gold:   214        SH:  5    Dex: 14    Spells: 10/11 levels left

rFire   + + .      SeeInvis .   A - +1 trident (vorpal)
rCold   + . .      Faith    .   c - +0 buckler
rNeg    . . .      Spirit   .   G - +1 scale mail {rF+}
rPois   +          Reflect  .   (helmet restricted)
rElec   +          Harm     .   E - +0 cloak
rCorr   +          Rampage  .   (no gloves)
Will    .....                   (no boots)
Stlth   ..........              x - amulet of regeneration
HPRegen 1.07/turn               q - ring of magical power
MPRegen 0.21/turn               u - ring of magical power

@: berserking (expiring), resistant, invisible, very quick
A: horns 2, demonic guardian 1, spiny 2
a: Renounce Religion, Channel Magic


You were in a bailey.
You worshipped Sif Muna.
Sif Muna was aware of your devotion.
You visited 1 branch of the dungeon, and saw 8 of its levels.
You also visited: Bailey.

You collected 402 gold pieces.
You spent 188 gold pieces at shops.

Inventory:

Hand Weapons
 A - a +1 vorpal trident (weapon)
 C - a +2 hand axe of venom
 F - a +2 vorpal flail
Missiles
 j - 194 stones
 s - 15 boomerangs (quivered)
Armour
 c - a +0 buckler (worn)
 D - a +1 chain mail of fire resistance
 E - a +0 cloak (worn)
 G - a +1 scale mail of fire resistance (worn)
Magical Staves
 n - a staff of poison
Jewellery
 q - a ring of magical power (left hand)
 u - a ring of magical power (right hand)
 x - an amulet of regeneration (around neck)
 H - a ring of fire
Wands
 d - a wand of flame (12)
 B - a wand of iceblast (15)
Scrolls
 a - a scroll of noise {unknown}
 e - 2 scrolls of torment {unknown}
 g - 7 scrolls of identify {unknown}
 h - 4 scrolls of immolation {unknown}
 i - a scroll of vulnerability {unknown}
 k - 6 scrolls of fear {unknown}
 l - a scroll of fog {unknown}
 o - 3 scrolls of amnesia {unknown}
 t - 4 scrolls of teleportation {unknown}
 v - a scroll of blinking {unknown}
 y - a scroll of summoning {unknown}
 z - a scroll of enchant armour {unknown}
Potions
 m - a potion of resistance
 p - a potion of degeneration {unknown}
 r - a potion of attraction {unknown}
 w - a potion of lignification {unknown}
 I - a potion of invisibility


   Skills:
 + Level 5.0 Fighting
 * Level 5.2 Polearms
 * Level 2.8 Throwing
 + Level 4.7 Armour
 * Level 4.2 Dodging
 + Level 3.2 Stealth
 + Level 5.0 Shields
 + Level 1.9 Spellcasting
 + Level 2.1 Poison Magic
 + Level 3.1 Evocations


You had 10 spell levels left.
You knew the following spells:

 Your Spells              Type           Power      Damage    Failure   Level
a - Sting                 Tmut/Pois      12%        1d3       58%         1

Your spell library contained the following spells:

 Spells                   Type           Power      Damage    Failure   Level
 Poisonous Vapours        Pois/Air       6%         N/A       73%         2
 Olgreb's Toxic Radiance  Pois           5%         N/A       99%         4


Dungeon Overview and Level Annotations

Branches:
Dungeon (8/15)             Bailey (1/1)
 Temple: D:4-7         Lair: D:8-11

Altars:
Ashenzari
Cheibriados
Gozag
Sif Muna
Uskayaw
Yredelemnul
The Shining One

Shops:
D:1 (   D:5 =   D:6 :

Annotations:
D:5 3 runed translucent doors, Melian's ghost, novice MiBe; knot's ghost, novice DsBe; murtidash's ghost, novice MfGl; noodleboyJ's ghost, novice DrVM Bailey 3 runed translucent doors


Innate Abilities, Weirdness & Mutations

You have a pair of horns on your head.
A weak demonic guardian rushes to your aid.
You are mostly covered in sharp spines.


Message History

The orc knight barely misses you.
It was a potion of resistance.
You feel protected. You block the orc knight's attack.
Items here: ))) [[[ ††.
It was a potion of berserk rage.
A red film seems to cover your vision as you go berserk!
You feel yourself moving faster!
You feel mighty! The orc knight misses you.
You hit the orc knight.
The orc knight is severely wounded.
You block the orc knight's attack.
You closely miss the orc knight. You headbutt the orc knight.
The orc knight is severely wounded.
You closely miss the orc knight. Your headbutt misses the orc knight.
The orc knight is severely wounded.
The orc knight hits you with a +0 war axe.
* * * LOW HITPOINT WARNING * * *
A demonic guardian appears!
You closely miss the orc knight.
The orc knight is severely wounded.
You feel a strong urge to attack something.
You hit the orc knight but do no damage.
Your headbutt misses the orc knight.
The orc knight is severely wounded.
The orc knight is struck by your spines.
The orc knight hits you with a +0 war axe!!
* * * LOW HITPOINT WARNING * * *
The orc knight hits your white imp with a +0 war axe!
Your white imp dies!
Your white imp disappears in a puff of smoke!
Reach: A) +1 trident (vorpal)
Press: ? - help, Dir - move target, f/p - orc knight
Aim: an orc knight, wielding a +0 war axe and wearing a +0 chain mail (almost dead, about 40% to evade your +1 vorpal trident)
You catch the helpless orc knight completely off-guard!
You hit the orc knight. Your headbutt misses the orc knight.
The orc knight is almost dead.
You closely miss the orc knight.
The orc knight is almost dead.
The orc knight hits you with a +0 war axe!
You die...

♣♣♣∩♣♣♣ #####♣♣♣.....♣♣♣#####
##...##.........##...##
##.....##.......##.....##
##.......##≈≈≈≈≈##...8...##
##..8..8...#≈≈≈≈≈#.........##
#..........#≈≈§≈≈#..........#
#........).).@o)†'....8..8..#≈
#...8......#########........#≈
##......#### ##......##≈
##.....#≈≈#≈ .} #.).†.##..
##....#≈.... .?≈#....##...
#..)##≈8.8. 8.8##....#....
#...+≈≈.... ..o#.....'....
#.(.+≈≈.... ....#.....'...∩
#...+≈≈.... ....#.....'....


You could see an orc knight.

Vanquished Creatures
  A water moccasin (D:6)
  3 orc warriors
  5 ogres
  2 ice beasts
  2 phantoms
  A bullfrog (D:7)
  Blork the orc (D:4)
  A gnoll sergeant (D:7)
  A scorpion (D:6)
  2 water moccasin zombies
  A water moccasin skeleton (D:2)
  A bullfrog zombie (D:5)
  A centaur skeleton (D:5)
  A centaur zombie (D:7)
  2 orc priests
  5 hounds
  A bullfrog skeleton (D:7)
  An iguana (D:4)
  7 orc wizards
  A killer bee zombie (D:6)
  A hound zombie (D:5)
  A howler monkey zombie (D:7)
  4 adders
  4 gnolls
  2 howler monkey skeletons
  A white imp (D:6)
  An adder zombie (D:5)
  4 worms
  A dart slug (D:1)
  7 orcs
  10 ball pythons
  14 endoplasms
  3 giant cockroaches
  12 goblins
  8 hobgoblins
  17 kobolds
  3 quokkas (D:4)
  6 bats
  2 frilled lizards
  4 rats
145 creatures vanquished.

Vanquished Creatures (collateral kills)
  A water moccasin (D:3)
  An orc priest (D:4)
  Ijyb (D:4)
  An orc (D:3)
4 creatures vanquished.

Grand Total: 149 creatures vanquished

Notes
Turn   | Place    | Note
-------+----------+-------------------------------------------
     0 | D:1      | southernslant the Demonspawn Fighter began the quest for
                  | the Orb.
     0 | D:1      | Reached XP level 1. HP: 18/18 MP: 1/1
   250 | D:1      | Gained mutation: You have a pair of small horns on your
                  | head. [demonic ancestry]
   250 | D:1      | Reached XP level 2. HP: 23/24 MP: 2/2
   384 | D:1      | Found Seess's Antique Weapon Boutique.
  1000 | D:1      | Gained mutation: A weak demonic guardian rushes to your
                  | aid. [demonic ancestry]
  1000 | D:1      | Reached XP level 3. HP: 28/29 MP: 3/3
  1755 | D:2      | Reached XP level 4. HP: 28/36 MP: 4/4
  2275 | D:3      | Found a basalt altar of Yredelemnul.
  2363 | D:3      | Noticed a water moccasin
  2388 | D:3      | Killed a water moccasin
  2389 | D:3      | Reached skill level 1 in Dodging
  2389 | D:3      | Gained mutation: You have a pair of horns on your head.
                  | [demonic ancestry]
  2389 | D:3      | Reached XP level 5. HP: 7/42 MP: 5/5
  3145 | D:3      | Found a faded altar of an unknown god.
  3272 | D:3      | Reached XP level 6. HP: 48/48 MP: 6/6
  3472 | D:4      | Found a hide-covered altar of Uskayaw.
  3479 | D:4      | Reached skill level 1 in Throwing
  3479 | D:4      | Reached skill level 1 in Stealth
  3479 | D:4      | Reached skill level 1 in Evocations
  4499 | D:5      | Entered Level 5 of the Dungeon
  4499 | D:5      | Noticed an ice beast
  4499 | D:5      | Found Kituad's Jewellery Shop.
  4516 | D:4      | Killed an ice beast
  4533 | D:5      | Gained mutation: You are partially covered in sharp spines.
                  | [demonic ancestry]
  4533 | D:5      | Reached XP level 7. HP: 33/54 MP: 7/7
  4552 | D:5      | Noticed Blork the orc
  4554 | D:5      | Noticed Ijyb
  4637 | D:4      | Killed Blork the orc
  4662 | D:4      | Killed Ijyb
  4846 | D:1      | Bought a glowing trident for 188 gold pieces
  5002 | D:5      | Found an opulent altar of Gozag.
  5194 | D:5      | Found a runed translucent gate.
  5195 | D:5      | Found a runed translucent gate.
  5195 | D:5      | Found a runed translucent gate.
  5196 | D:5      | Noticed murtidash's ghost (novice MfGl)
  5196 | D:5      | Noticed knot's ghost (novice DsBe)
  5196 | D:5      | Noticed Melian's ghost (novice MiBe)
  5196 | D:5      | Noticed knot's ghost (novice DsBe)
  5199 | D:5      | Noticed noodleboyJ's ghost (novice DrVM)
  5236 | D:5      | Reached XP level 8. HP: 61/61 MP: 8/8
  5272 | D:5      | Found a snail-covered altar of Cheibriados.
  5469 | D:6      | Found Baaph's Self-Improvement Boutique.
  5571 | D:6      | Reached skill level 1 in Poison Magic
  5617 | D:6      | Reached skill level 1 in Spellcasting
  5992 | D:6      | Found a shimmering blue altar of Sif Muna.
  6036 | D:6      | Became a worshipper of Sif Muna the Loreminder
  6039 | D:6      | Learned a level 1 spell: Sting
  6080 | D:7      | Gained mutation: You are mostly covered in sharp spines.
                  | [demonic ancestry]
  6080 | D:7      | Reached XP level 9. HP: 67/67 MP: 11/11
  6097 | D:7      | Reached skill level 5 in Polearms
  6103 | D:7      | You fall into a shaft and drop 1 floor!
  6161 | D:7      | Reached skill level 5 in Fighting
  6161 | D:7      | Reached skill level 5 in Shields
  6173 | D:7      | Found a broken altar of Ashenzari.
  6215 | D:7      | Found a flagged portal.
  6226 | Bailey   | Entered a bailey
  6231 | Bailey   | Noticed an orc warlord
  6264 | Bailey   | Reached * piety under Sif Muna
  6337 | Bailey   | Found a runed translucent gate.
  6340 | Bailey   | Found a runed translucent gate.
  6342 | Bailey   | Found a runed translucent gate.
  6345 | Bailey   | Noticed an orc knight
  6387 | Bailey   | HP: 4/102 [orc knight (18)]
  6389 | Bailey   | Mangled by an orc knight

Illustrated notes

Levels and vault maps discovered:
D:1:      dpeg_arrival_boxes_within_box, layout_basic, serial_shops, shop
D:2:      layout_loops_cross, fountainhead, minmay_misc_feat_room
D:3:      layout_loops_ring, mainiacjoe_overflow_boulevard,
          nicolae_tso_carved_into_rock, shapermc_ecumenical_altar_ellora
D:4:      layout_basic, lemuel_crystal_altar
D:5:      layout_rooms, grunt_gozag_breadcrumbs, general_overflow_altar,
          gammafunk_ghost_cemetery, serial_shops, shop, uniq_blork_the_orc,
          uniq_ijyb
D:6:      layout_rooms, kennysheep_orc_sif_temple, nicolae_shop_self_help
D:7:      layout_rooms, kennysheep_vampire_church, amcnicky_altar_gilded,
          minmay_temple_entry_arrows, enter_bailey_3
D:8:      layout_loops_ring, makhleb_blood_cavern_becter, serial_shops,
          kennysheep_mini, shop_fountains,
          nicolae_shop_competitors_out_of_business, shop, shop,
          minmay_misc_feat_secret_circle, uniq_harold, uniq_joseph
Bailey:   bailey_axe_bossmonster_kennysheep, bailey

Skill      XL: |  1  2  3  4  5  6  7  8  9 |
---------------+----------------------------+-----
Polearms       | 2 3 4 5 |  5.2
Armour         | 3 4 |  4.7
Shields        | 3 4 5 |  5.0
Dodging        | 1 2 3 4 |  4.2
Fighting       | 4 5 |  5.0
Throwing       | 1 2 |  2.8
Stealth        | 1 2 3 |  3.2
Evocations     | 1 2 3 |  3.1
Poison Magic   | 1 2 |  2.1
Spellcasting   | 1 |  1.9

Action                   |  1- 3 |  4- 6 |  7- 9 || total
-------------------------+-------+-------+-------++-------
Melee: Trident           |   104 |   140 |   229 ||   473
       Headbutt          |    11 |    19 |    33 ||    63
Throw: Stone             |       |     3 |       ||     3
       Boomerang         |       |     2 |    27 ||    29
Evoke: Wand              |       |       |     5 ||     5
  Use: Potion            |       |     1 |     4 ||     5
 Stab: Invisible         |       |       |     1 ||     1
Armor: Scale mail        |    35 |    47 |    87 ||   169
Dodge: Dodged            |    36 |    38 |    96 ||   170
Block: Buckler           |    11 |    24 |    53 ||    88

Table legend: (Time is in decaauts)
 A = Elapsed time spent in this place.
 B = Non-inter-level travel time spent in this place.
 C = Inter-level travel time spent in this place.
 D = Time resting spent in this place.
 E = Time spent auto-exploring this place.
 F = Levels seen in this place.
 G = Mean time per level.
                   A        B        C        D        E       F      G
               +--------+--------+--------+--------+--------+-----+--------+
         Total |   6486 |   6093 |    393 |     10 |   4721 |   9 |  720.7 |
       Dungeon |   6322 |   5929 |    393 |     10 |   4676 |   8 |  790.2 |
        Bailey |    164 |    164 |      0 |      0 |     45 |   1 |  164.0 |
               +--------+--------+--------+--------+--------+-----+--------+

Top non-repeatable levels by time:
     D:4: 1290 daAuts
     D:3: 1289 daAuts
     D:1: 1173 daAuts
     D:2: 1043 daAuts
     D:5: 685 daAuts
     D:6: 673 daAuts
  Bailey: 164 daAuts
     D:7: 147 daAuts
     D:8: 19 daAuts
